 Dungeon Crawl Stone Soup version 0.23-a0-701-gd76f34b (webtiles) character file.

185 Borgoz the Ruffian (level 5, -2/42 HPs)
             Began as a Ghoul Gladiator on Jan 12, 2019.
             Slain by an adder (4 damage)
             ... on level 5 of the Dungeon.
             The game lasted 00:04:31 (2825 turns).

Borgoz the Ruffian (Ghoul Gladiator)                Turns: 2825, Time: 00:04:32

Health: -2/42      AC:  4    Str: 18    XL:     5   Next: 64%
Magic:  4/4        EV: 13    Int:  3    God:
Gold:   183        SH:  0    Dex: 11    Spells: 4/4 levels left

rFire    . . .     SeeInvis .     - Unarmed
rCold    + . .     Gourm    .   (no shield)
rNeg     + + +     Faith    .   a - +0 leather armour
rPois    ∞         Spirit   .   b - +0 helmet
rElec    .         Reflect  .   (no cloak)
rCorr    +         Harm     .   (no gloves)
MR       .....     Rnd*Tele +   (no boots)
Stlth    +.........             (no amulet)
HPRegen  0.00/turn              o - ring of teleportation (curse)
MPRegen  0.09/turn              p - ring of resist corrosion

@: rotting
A: rotting body, claws 1, carnivore, cold resistance 1, negative energy
resistance 3, inhibited regeneration, torment resistance, unbreathing
a: no special abilities


You were on level 5 of the Dungeon.
You were not hungry.

You visited 1 branch of the dungeon, and saw 5 of its levels.

You collected 183 gold pieces.

Inventory:

Missiles
 c - 3 throwing nets (quivered)
Armour
 a - a +0 leather armour (worn)
 b - a +0 helmet (worn)
Jewellery
 o - a cursed ring of teleportation (left claw)
 p - a ring of resist corrosion (right claw)
Wands
 r - a wand of disintegration (16)
Scrolls
 e - a scroll of enchant weapon {unknown}
 f - 4 scrolls of teleportation {unknown}
 j - 4 scrolls of identify {unknown}
 l - a scroll of amnesia {unknown}
 m - 2 scrolls of remove curse {unknown}
Potions
 g - a potion of heal wounds {unknown}
 h - a potion of ambrosia {unknown}
 i - a potion of haste {unknown}
 n - a potion of degeneration {unknown}
 q - a potion of resistance {unknown}
Comestibles
 d - 4 rations


   Skills:
 + Level 2.5 Fighting
 + Level 1.9 Throwing
 + Level 2.2 Armour
 + Level 3.7 Dodging
 + Level 0.5 Stealth
 + Level 4.8 Unarmed Combat


You had 4 spell levels left.
You didn't know any spells.
Your spell library was empty.

Dungeon Overview and Level Annotations

Branches:
Dungeon (5/15)
 Temple: D:4-7

Altars:
Kikubaaqudgha


Innate Abilities, Weirdness & Mutations

Your body is rotting away.
You thrive on raw meat.
You are immune to poison.
You have sharp fingernails.
You are carnivorous and can eat meat at any time.
Your flesh is cold resistant. (rC+)
You are immune to negative energy. (rN+++)
You do not regenerate when monsters are visible.
You are immune to unholy pain and torment.
You can survive without breathing.


Message History

The jackal bites you but does no damage.
You claw the jackal!
You kill the jackal!
The adder bites you.
* * * LOW HITPOINT WARNING * * *
You scratch the adder.
The adder is lightly wounded.
The adder bites you.
* * * LOW HITPOINT WARNING * * *
You closely miss the adder.
The adder is lightly wounded.
The adder bites you.
* * * LOW HITPOINT WARNING * * *
You miss the adder.
The adder is lightly wounded.
The adder bites you but does no damage.
You barely miss the adder.
The adder is lightly wounded.
The adder bites you.
You die...

#
##########.##...
.......@Sh......
#########.......
..?.... .......
#######


You could see an adder and a jackal.

Vanquished Creatures
  A howler monkey (D:3)
  An orc wizard (D:5)
  A worker ant (D:4)
  4 adders (D:2)
  An ooze (D:2)
  A dart slug (D:1)
  A leopard gecko (D:3)
  5 orcs
  5 bats
  2 giant cockroaches
  8 goblins
  5 hobgoblins
  A jackal (D:5)
  A kobold (D:3)
  A quokka (D:3)
  2 ball pythons
  3 frilled lizards
  5 rats
48 creatures vanquished.

Notes
Turn   | Place    | Note
-------+----------+-------------------------------------------
     0 | D:1      | Borgoz the Ghoul Gladiator began the quest for the Orb.
     0 | D:1      | Reached XP level 1. HP: 17/17 MP: 0/0
   151 | D:1      | Reached XP level 2. HP: 8/24 MP: 1/1
   250 | D:1      | Upgraded the game from 0.23-a0-690-g0a1fc62 to
                  | 0.23-a0-701-gd76f34b
   665 | D:1      | Reached XP level 3. HP: 28/30 MP: 2/2
  1048 | D:2      | Reached skill level 1 in Armour
  1184 | D:2      | Reached XP level 4. HP: 33/37 MP: 3/3
  1385 | D:2      | Reached skill level 4 in Unarmed Combat
  1891 | D:3      | Found an ancient bone altar of Kikubaaqudgha.
  1999 | D:3      | Reached XP level 5. HP: 36/42 MP: 4/4
  2806 | D:5      | Entered Level 5 of the Dungeon
  2823 | D:5      | HP: 2/42 [adder (2)]
  2825 | D:5      | Slain by an adder

Vault maps used:
D:1:      psy_arrival_spokes, minmay_bisected
D:2:      minmay_evil_eye, columned_hall_lemuel
D:3:      lemuel_crystal_altar, serial_forest, infiniplex_forest_clump_C,
          infiniplex_forest_lined_ring, infiniplex_forest_clump_large,
          infiniplex_forest_lined_corner, infiniplex_forest_lined_3_way,
          infiniplex_forest_straight_1, infiniplex_forest_straight_3
D:4:      first_ration, lightli_corner_chamber
D:5:      cheibrodos_barr_body

Skill      XL: |  1  2  3  4  5 |
---------------+----------------+-----
Dodging        | 3 |  3.7
Armour         | 1 2 |  2.2
Unarmed Combat | 4 |  4.8
Fighting       | |  2.5
Throwing       | |  1.9
Stealth        | |  0.5

Action                   |  1- 3 |  4- 6 || total
-------------------------+-------+-------++-------
Melee: Unarmed           |    81 |   107 ||   188
       Punch             |     2 |       ||     2
  Eat: Chunk             |    10 |     8 ||    18
Armor: Leather armour    |    25 |    34 ||    59
Dodge: Dodged            |    56 |    56 ||   112

Table legend:
 A = Non-vault XP
 B = Vault XP
 C = Vault XP percentage of total XP
 D = Non-vault monster count
 E = Vault monster count
 F = Vault count percentage of total count
                 A         B        C        D         E       F
            +---------+---------+-------+---------+---------+-------
      Total |     223 |      42 |  15.8 |      40 |       8 |  16.7
            +---------+---------+-------+---------+---------+-------
        D:1 |      30 |       5 |  14.3 |      16 |       3 |  15.8
        D:2 |      30 |      37 |  55.2 |       5 |       5 |  50.0
        D:3 |      76 |       0 |   0.0 |      12 |       0 |   0.0
        D:4 |      43 |       0 |   0.0 |       5 |       0 |   0.0
        D:5 |      44 |       0 |   0.0 |       2 |       0 |   0.0
            +---------+---------+-------+---------+---------+-------
